AoeStats
← Eli

Coastal Forest

510516457Analyzed
4v4 RM · 12h ago on Oct 1, 2026· 32m 40s· 8 players
Game mode
Random Map
Map size
Large (8 player)
Population
200
Speed
Normal
Resources
Standard
Victory
Conquest
Starting age
Dark Age
Ending age
Imperial Age
RankedLock teamsTeams togetherTeam positionsShared explorationLock speedFull tech treeHidden civsTurbo modeCheats
Victory
Defeat
🇨🇳 Britons · China
1758
+14
1755
+15
🇮🇪 Aztecs · Ireland
1620
+20
🇦🇺 Italians · Australia
1611
+20
🇫🇷 Malians · France
1809
-20
🇺🇦 Armenians · Ukraine
1723
-18
🇷🇺 Turks · Russia
1699
-17
🇪🇸 Maya · Spain
1639
-14
lxnmnk Trade | B | S
5:21 Loom
11:21 Feudal Age
13:05 Double-Bit Axe
15:23 Castle Age
14:29 Scale Mail Armor
14:23 Fishing Lines
15:07 Man-at-Arms
15:55 Gillnets
16:16 Bow Saw
15:53 Gambesons
15:53 Long Swordsman
17:39 Chain Mail Armor
18:06 Squires
19:57 Gold Mining
22:37 Two-Handed Swordsman
25:34 Gambesons
27:22 Champion
29:17 Forging
30:16 Ballistics
32:27 Wheelbarrow
31:33 Horse Collar
32:46 Iron Casting
Eli
5:14 Loom
9:14 Feudal Age
13:11 Fletching
31:31 Double-Bit Axe
31:27 Horse Collar
AutoClickerv3
0:25 Loom
11:40 Feudal Age
15:24 Castle Age
13:36 Gold Mining
14:42 Fletching
16:44 Medium Warships
16:33 Bodkin Arrow
23:58 Wheelbarrow
26:53 Careening
30:55 Ballistics
=)Svanhilde
9:53 Feudal Age
10:24 Double-Bit Axe
11:14 Fishing Lines
12:33 Bloodlines
12:35 Forging
13:54 Horse Collar
17:18 Wheelbarrow
17:12 Scale Barding Armor
19:08 Gold Mining
22:44 Castle Age
22:12 Loom
22:20 Stone Mining
22:47 Light Cavalry
23:48 Chain Barding Armor
23:50 Bow Saw
30:24 Iron Casting
30:24 Husbandry
Pr3mier
8:03 Loom
10:08 Feudal Age
10:20 Man-at-Arms
11:18 Double-Bit Axe
15:44 Fletching
23:33 Castle Age
21:32 Horse Collar
21:55 Padded Archer Armor
22:20 Gold Mining
23:48 Crossbowman
24:44 Bow Saw
24:45 Forging
24:30 Bodkin Arrow
28:35 Leather Archer Armor
30:18 Wheelbarrow
29:44 Heavy Plow
31:10 Town Watch
31:52 Ballistics
ResonanceFreq
11:07 Feudal Age
12:00 Double-Bit Axe
11:56 Fishing Lines
14:40 Castle Age
14:06 Fletching
15:55 Bodkin Arrow
16:24 Bow Saw
17:01 Gillnets
17:23 Padded Archer Armor
21:06 Gold Mining
20:58 Horse Collar
22:14 Ballistics
26:40 Town Watch
26:40 Loom
29:15 Bloodlines
29:06 Husbandry
29:38 Thumb Ring
34:54 Imperial Age
33:01 Wheelbarrow
十大地方
5:04 Loom
10:20 Feudal Age
10:49 Double-Bit Axe
15:16 Fletching
20:43 Castle Age
21:51 Medium Warships
22:47 Gold Mining
24:23 Bow Saw
25:07 Wheelbarrow
24:34 Horse Collar
26:57 Wheelbarrow
26:57 Careening
27:53 Ballistics
32:56 Gold Shaft Mining
33:03 Hand Cart
自有大儒为我辩经
7:20 Loom
9:29 Feudal Age
10:16 Double-Bit Axe
11:19 Bloodlines
15:56 Scale Barding Armor
23:53 Castle Age
22:24 Forging
23:54 Light Cavalry
24:35 Husbandry
24:56 Chain Barding Armor
25:13 Horse Collar
25:45 Bow Saw
29:34 Iron Casting
30:55 Wheelbarrow
30:20 Gold Mining
31:00 Stone Mining
31:12 Heavy Plow
32:23 Hand Cart
Connection lost

Rejoining the realm…

Still unreachable

The connection could not be restored.

Session expired

The server has moved on; the page needs a fresh start.